 Dungeon Crawl Stone Soup version 0.29.1-1-gd02db6906a (webtiles) character file.

Game seed: 10353357562944708517

1281 styxcanada the Covert (level 8, -3/40 HPs)
             Began as a Spriggan Brigand on Oct 21, 2022.
             Shot with an arrow by a centaur (15 damage)
             ... on level 7 of the Dungeon.
             The game lasted 00:23:00 (7513 turns).

styxcanada the Covert (Spriggan Brigand)            Turns: 7513, Time: 00:23:01

Health: -3/40      AC:  4    Str:  7    XL:     8   Next: 29%
Magic:  9/9        EV: 35    Int: 13    God:
Gold:   195        SH:  0    Dex: 18    Spells: 5/7 levels left

rFire   . . .      SeeInvis +   a - +4 dagger (flame)
rCold   . . .      Faith    .   (no shield)
rNeg    . . .      Spirit   .   b - +0 robe
rPois   .          Reflect  .   (helmet restricted)
rElec   .          Harm     .   c - +1 cloak
rCorr   .          Rampage  .   (gloves unavailable)
Will    +....                   (boots unavailable)
Stlth   +++++.....              p - amulet of the acrobat
HPRegen 0.13/turn               (no ring)
MPRegen 0.11/turn               (no ring)

@: acrobatic, very quick
A: very small, no large weapons, unfitting armour, see invisible, speed 3
a: no special abilities


You were on level 7 of the Dungeon.
You visited 1 branch of the dungeon, and saw 7 of its levels.

You collected 371 gold pieces.
You spent 176 gold pieces at shops.

Inventory:

Hand Weapons
 a - a +4 dagger of flaming (weapon)
 q - a +1 sling
Missiles
 d - 26 poisoned darts (quivered)
 e - 3 curare-tipped darts
 j - 55 stones
 k - a throwing net
Armour
 b - a +0 robe (worn)
 c - a +1 cloak (worn)
 s - the +1 robe "Tuef" {rC+++ Int-4 Slay+5 Stlth-}
   (You bought it in a shop on level 4 of the Dungeon)

   Int:       It affects your intelligence (-4).
   Slay:      It affects your accuracy & damage with ranged weapons and melee
   (+5).
   rC:        It renders you almost immune to cold.
   Stlth:     It makes you less stealthy.
Jewellery
 p - an amulet of the acrobat (around neck)
 r - an amulet of magic regeneration
Wands
 w - a wand of roots (3)
 y - a wand of flame (26)
Scrolls
 l - a scroll of immolation
 t - a scroll of poison
 v - 2 scrolls of magic mapping
 C - 2 scrolls of teleportation
Potions
 f - a potion of cancellation
 g - a potion of heal wounds
 h - 2 potions of curing
 i - 2 potions of mutation
 m - 2 potions of lignification
 n - 4 potions of flight
 o - a potion of resistance {unknown}
 u - a potion of degeneration {unknown}
 x - a potion of invisibility
 z - 3 potions of haste {unknown}
 A - a potion of attraction {unknown}
 B - a potion of might {unknown}


   Skills:
 * Level 3.4 Fighting
 + Level 4.4 Short Blades
 + Level 1.3 Ranged Weapons
 + Level 3.3 Throwing
 * Level 5.2 Dodging
 * Level 11.5 Stealth
 * Level 0.4 Spellcasting
 * Level 0.2 Fire Magic
 * Level 2.5 Evocations


You had 5 spell levels left.
You knew the following spells:

 Your Spells              Type           Power      Damage    Failure   Level
a - Scorch                Fire           0%         2d5       38%         2

Your spell library contained the following spells:

 Spells                   Type           Power      Damage    Failure   Level
 Gell's Gravitas          Tloc           0%         N/A       65%         3
 Teleport Other           Tloc           0%         N/A       65%         3
 Flame Wave               Conj/Fire      0%         2d4       96%         4
 Dispersal                Tloc           0%         N/A       100%        6
 Summon Cactus Giant      Summ           0%         N/A       100%        6


Dungeon Overview and Level Annotations

Branches:
Dungeon (7/15)
 Temple: D:4-7

Altars:
Cheibriados
Kikubaaqudgha
Nemelex Xobeh

Shops:
D:4 *[


Innate Abilities, Weirdness & Mutations

You are very small and have problems with some larger weapons.
You are too small for most types of armour.
You have supernaturally acute eyesight. (SInv)
You cover ground extremely quickly. (Speed+++)


Message History

The centaur is heavily wounded.
The centaur closely misses you.
The centaur kicks you but does no damage.
The white imp gestures at you. The puff of frost hits you.
You barely miss the centaur.
The centaur is heavily wounded.
The centaur closely misses you. x2
The white imp gestures at you. The puff of frost hits you!
The centaur misses you.
The centaur kicks you but does no damage.
You hit the centaur. You burn the centaur.
The centaur is severely wounded.
The centaur closely misses you. The centaur completely misses you.
You hit the centaur. You burn the centaur.
The centaur is severely wounded.
The centaur closely misses you.
The centaur kicks you but does no damage.
You barely miss the centaur.
The centaur is severely wounded.
The white imp gestures at you. The puff of frost hits you.
The centaur barely misses you. The centaur misses you.
The centaur wields a +0 shortbow.
The centaur shoots an arrow.
The arrow completely misses you. The white imp gestures at you.
The puff of frost hits you!
* * * LOW HITPOINT WARNING * * *
Found a scroll labelled CUAGEE EKAET.
The centaur shoots an arrow.
The arrow misses you.
Throw: 26 darts (poison)
Press: ? - help, Q - select action, (/) - cycle Shift-Dir - straight line, f - you Really target yourself?
Okay, then.
An orc comes into view. It is wielding a +0 club.
An orc and an orc wizard come into view.
An orc comes into view. It is wielding a +0 dagger.
The centaur shoots an arrow.
The arrow completely misses you.
The centaur shoots an arrow.
The arrow hits you!
You die...

.......###.#......#
.#.........c.######
........###.##....# .
.<...........#....# ..
.......#####......###.#.
........................
.......###.##...........
...###.# #..#.....##.o#.
...# .# #......@.....o.
...# # ###.......?..#.
...# #..#..........
...##...#....oo .##
..#........ ........##.#
.......... ..
....###.##..


You could see a centaur, an orc wizard (asleep) and 3 orcs.

Vanquished Creatures
  Sigmund (D:6)
  2 ogres
  A phantom (D:4)
  A bullfrog (D:6)
  A necrophage (D:5)
  A scorpion (D:5)
  5 killer bees (D:5)
  A jelly (D:5)
  An orc priest (D:4)
  3 hounds
  Ijyb (D:5)
  3 iguanas
  2 orc wizards (D:4)
  A mummy (D:3)
  4 gnolls (D:3)
  6 adders
  A white imp (D:5)
  3 dart slugs
  6 orcs
  5 bats
  10 endoplasms
  4 giant cockroaches
  6 goblins
  6 hobgoblins
  12 jackals
  5 kobolds
  4 quokkas
  7 ball pythons
  2 frilled lizards (D:2)
  8 rats
113 creatures vanquished.

Vanquished Creatures (others)
  A human (D:4)
  3 plants (D:3)
4 creatures vanquished.

Grand Total: 117 creatures vanquished

Notes
Turn   | Place    | Note
-------+----------+-------------------------------------------
     0 | D:1      | styxcanada the Spriggan Brigand began the quest for the
                  | Orb.
     0 | D:1      | Reached XP level 1. HP: 10/10 MP: 2/2
    45 | D:1      | Found a faded altar of an unknown god.
    69 | D:1      | Reached skill level 6 in Stealth
    95 | D:1      | You fall into a shaft and drop 1 floor!
   203 | D:1      | Reached XP level 2. HP: 15/15 MP: 3/3
   835 | D:1      | Reached XP level 3. HP: 18/18 MP: 4/4
   910 | D:2      | Reached skill level 7 in Stealth
  1713 | D:3      | Reached XP level 4. HP: 23/23 MP: 5/5
  1968 | D:3      | Found a snail-covered altar of Cheibriados.
  2585 | D:3      | Reached skill level 8 in Stealth
  2742 | D:3      | Reached XP level 5. HP: 16/26 MP: 6/6
  3803 | D:4      | Found Igus's Antique Armour Shop.
  3827 | D:4      | Bought a thick robe for 176 gold pieces
  3827 | D:4      | Identified the +1 robe "Tuef" {rC+++ Int-4 Slay+5 Stlth-}
                  | (You bought it in a shop on level 4 of the Dungeon)
  4072 | D:4      | Found Rous's General Store.
  4163 | D:4      | Reached XP level 6. HP: 32/32 MP: 7/7
  4292 | D:4      | Reached skill level 9 in Stealth
  4601 | D:4      | Found an ancient bone altar of Kikubaaqudgha.
  4601 | D:4      | Noticed a human
  4613 | D:4      | Killed a human
  4724 | D:5      | Entered Level 5 of the Dungeon
  4733 | D:5      | Found a sparkling altar of Nemelex Xobeh.
  4795 | D:5      | Reached skill level 10 in Stealth
  4795 | D:5      | Reached XP level 7. HP: 10/35 MP: 8/8
  5023 | D:5      | Noticed Ijyb
  5030 | D:5      | Killed Ijyb
  5425 | D:5      | Reached skill level 1 in Ranged Weapons
  6138 | D:5      | Reached skill level 1 in Evocations
  6698 | D:6      | Reached skill level 11 in Stealth
  6751 | D:6      | Noticed Sigmund
  6758 | D:6      | Killed Sigmund
  6759 | D:6      | Reached skill level 5 in Dodging
  6759 | D:6      | Reached XP level 8. HP: 40/40 MP: 9/9
  6979 | D:6      | Learned a level 2 spell: Scorch
  7474 | D:7      | Noticed a troll
  7513 | D:7      | Shot with an arrow by a centaur

Illustrated notes

Levels and vault maps discovered:
D:1:      roderic_chinese_lattice_arrival, layout_loops_ring,
          basic_ecumenical_altar
D:2:      layout_loops_cross, minivault_23
D:3:      layout_rooms, chei_slow_surprise, grunt_ministairs_15, corexii_shack,
          minmay_puff
D:4:      nicolae_cairo_tiling_very_big, layout_rooms, tgw_kikubaaqudgha,
          serial_shops, nicolae_shop_hallway_plus, nicolae_stop_n_shop_2,
          feat_on_display
D:5:      layout_layer_cave, mainiacjoe_overflow_cross_hatched, minivault_14,
          chequers_serial_rivers_marsh, uniq_ijyb
D:6:      layout_cave_pods, serial_glass, glass_columns_c, glass_columns_c,
          item_on_display_a, uniq_sigmund
D:7:      layout_rooms, nicolae_overflow_hidden_temple,
          minmay_temple_entry_overgrown, hangedman_abyss_or_decor_passed

Skill      XL: |  1  2  3  4  5  6  7  8 |
---------------+-------------------------+-----
Stealth        | 6 7 8 10 11 | 11.5
Fighting       | 2 3 |  3.4
Dodging        | 2 3 5 |  5.2
Short Blades   | 3 4 |  4.4
Ranged Weapons | 1 |  1.3
Evocations     | 2 |  2.5
Throwing       | 3 |  3.3
Spellcasting   | |  0.4
Fire Magic     | |  0.2

Action                   |  1- 3 |  4- 6 |  7- 9 || total
-------------------------+-------+-------+-------++-------
Melee: Dagger            |   120 |   181 |    63 ||   364
       Punch             |       |     4 |     1 ||     5
 Fire: Sling             |       |     2 |       ||     2
Throw: Dart              |       |    36 |    18 ||    54
Evoke: Wand              |       |       |     5 ||     5
  Use: Scroll            |       |    15 |     5 ||    20
       Potion            |       |     1 |     2 ||     3
 Stab: Sleeping          |    24 |    15 |     4 ||    43
Armor: Robe              |    13 |    17 |     6 ||    36
Dodge: Dodged            |    74 |   146 |    74 ||   294
